 Dungeon Crawl Stone Soup version 0.28.0 (webtiles) character file.

Game seed: 14576572336858778668

3 Findor the Cudgeller (level 1, 0/12 HPs)
             Began as a Gargoyle Gladiator on Feb 5, 2022.
             Slain by a jackal (2 damage)
             ... on level 1 of the Dungeon.
             The game lasted 00:00:24 (72 turns).

Findor the Cudgeller (Gargoyle Gladiator)             Turns: 72, Time: 00:00:24

Health: 0/12       AC:  6    Str: 17    XL:     1   Next: 50%
Magic:  1/1        EV: 12    Int:  8    God:
Gold:   0          SH:  0    Dex: 11    Spells: 0/0 levels left

rFire   . . .      SeeInvis .   a - +0 flail
rCold   . . .      Faith    .   (no shield)
rNeg    + . .      Spirit   .   b - +0 leather armour
rPois   ∞          Reflect  .   c - +0 helmet
rElec   +          Harm     .   (no cloak)
rCorr   .          Rampage  .   (no gloves)
Will    .....                   (no boots)
Stlth   +.........              (no amulet)
HPRegen 0.04/turn               (no ring)
MPRegen 0.07/turn               (no ring)

@: no status effects
A: sickness immunity, AC +2, negative energy resistance 1, electricity
resistance, torment resistance 1, petrification resistance
a: no special abilities


You were on level 1 of the Dungeon.
You visited 1 branch of the dungeon, and saw 1 of its levels.


Innate Abilities, Weirdness & Mutations

You are immune to sickness and miasma.
Your stone body is resilient. (AC +2)
You are immune to poison.
You resist negative energy. (rN+)
You are resistant to electric shocks. (rElec)
You are resistant to unholy torment.
You are immune to petrification.


   Skills:
 - Level 2.1 Fighting
 * Level 3.2 Maces & Flails
 - Level 1.7 Throwing
 - Level 2.4 Dodging


You couldn't memorise any spells.
You didn't know any spells.
Your spell library was empty.

Inventory:

Hand Weapons
 a - a +0 flail (weapon)
Missiles
 d - 3 throwing nets (quivered) {!f}
Armour
 b - a +0 leather armour (worn)
 c - a +0 helmet (worn)
Scrolls
 e - 3 scrolls of identify {unknown}
 f - a scroll of blinking {unknown}


Message History

You see here a hobgoblin corpse.
A jackal and a kobold come into view.
The kobold throws a stone.
The stone hits you.
There are monsters nearby!
There are monsters nearby!
Found an escape hatch in the floor.
The jackal barks!
You hear a bark!
The kobold throws a stone.
The stone hits you but does no damage.
A jackal comes into view.
The kobold throws a stone.
The stone closely misses you.
The kobold throws a stone.
The stone hits you but does no damage. The kobold misses you.
You barely miss the kobold. The kobold hits you with a +0 whip.
The jackal bites you.
* * * LOW HITPOINT WARNING * * *
You closely miss the kobold. The jackal barely misses you. x2
The kobold closely misses you.
Unknown command.
You closely miss the kobold.
The jackal bites you but does no damage. x2
The kobold hits you but does no damage.
The jackal bites you but does no damage. x2
You barely miss the kobold.
The jackal bites you but does no damage. x2
The kobold hits you with a +0 whip.
* * * LOW HITPOINT WARNING * * *
The jackal closely misses you. The jackal misses you.
The kobold barely misses you.
You barely miss the kobold. The jackal bites you.
* * * LOW HITPOINT WARNING * * *
The jackal closely misses you. The kobold hits you with a +0 whip.
* * * LOW HITPOINT WARNING * * *
The jackal barely misses you.
The jackal bites you but does no damage.
Unknown command.
You sock the kobold!
You kill the kobold!
The jackal bites you but does no damage. x3
You closely miss the jackal. Your punch misses the jackal.
The jackal misses you. The jackal bites you.
* * * LOW HITPOINT WARNING * * *
The jackal bites you but does no damage.
Unknown command.
You barely miss the jackal. The jackal barely misses you. x2
The jackal bites you but does no damage.
The jackal closely misses you.
You aren't carrying any potions.
You closely miss the jackal. The jackal closely misses you.
The jackal barely misses you. The jackal bites you.
You die...

.... ....................
........................
#...####...#####...####
.##... #...# #...#
......####..†# #...#
.>...........#####...#
.....................####
.#######)h...............
#@h.#####........< #...#
#...####.. #...# #...#
#.. #...#####...####..
..................
...................
####################


You could see 2 jackals.

Vanquished Creatures
  An endoplasm (D:1)
  A hobgoblin (D:1)
  A kobold (D:1)
3 creatures vanquished.

Notes
Turn   | Place    | Note
-------+----------+-------------------------------------------
     0 | D:1      | Findor the Gargoyle Gladiator began the quest for the Orb.
     0 | D:1      | Reached XP level 1. HP: 12/12 MP: 1/1
    68 | D:1      | HP: 2/12 [kobold (2)]
    72 | D:1      | Slain by a jackal

Levels and vault maps discovered:
D:1:      dpeg_arrival_boxorama, layout_rooms,
          shapermc_ecumenical_altar_mp_ritualfount

Action                   || total
-------------------------++-------
Melee: Flail             ||    12
Armor: Leather armour    ||    15
Dodge: Dodged            ||    18
